AA
FORT LEE GENERALS @ OKLAHOMA CITY 89'ERS
04/12/2060
 
TOP OF THE 1ST
Sacramento Amish batting - Pitching for Washington Oaks : RHP Quenton Wagner
Pitching: RHP Quenton Wagner
Batting: RHB Zack Simmons 0-0: Called Strike
0-1: Ball
1-1: Foul Ball, location: 2F
1-2: DOUBLE (Line Drive, 7LD, EV 105.0 MPH)
Batting: RHB Stefan Flynn 0-0: Called Strike
0-1: Called Strike
0-2: Ball
1-2: Strikes out swinging
Batting: RHB Blake Allen 0-0: Called Strike
0-1: Ball
1-1: Ball
2-1: Foul Ball, location: 2F
2-2: SINGLE (Groundball, 6S, EV 70.0 MPH) (infield hit)
Zack Simmons to third
Batting: RHB Jake Christensen 0-0: Ball
1-0: Foul Ball, location: 2F
1-1: Ball
2-1: Foul Ball, location: 2F
2-2: Ball
3-2: Strikes out looking
Blake Allen steals 2nd base
Batter strikes out.
Batting: RHB Martin Riley 0-0: Foul Ball, location: 2F
0-1: Called Strike
0-2: Ball
1-2: Ball
2-2: Foul Ball, location: 2F
2-2: Ball
3-2: 3-RUN HOME RUN (Line Drive, 7D, EV 94.4 MPH), Distance : 353 ft
Batting: RHB Trinity Gonzalez 0-0: DOUBLE (Line Drive, 7LS, EV 98.8 MPH)
Batting: RHB Langdon Bushey 0-0: Ground out 1-3 (Groundball, 13S, EV 66.9 MPH)
Top of the 1st over - 3 runs, 4 hits, 0 errors, 1 left on base; Sacramento 3 - Washington 0
BOTTOM OF THE 1ST
Washington Oaks batting - Pitching for Sacramento Amish : RHP Chase Lowe
Pitching: RHP Chase Lowe
Batting: SHB Frank Kimery 0-0: Swinging Strike
0-1: Ball
1-1: Ground out 4-3 (Groundball, 4, EV 109.4 MPH)
Batting: RHB Kamryn Mazzocchi 0-0: Ball
1-0: Called Strike
1-1: Called Strike
1-2: Ball
2-2: SOLO HOME RUN (Flyball, 89XD, EV 103.1 MPH), Distance : 380 ft
Batting: LHB Seth Donna 0-0: Called Strike
0-1: Foul Ball, location: 2F
0-2: SINGLE (Line Drive, 78S, EV 109.4 MPH)
Batting: RHB Casey Blair 0-0: Ground out 5-3 (Groundball, 56S, EV 71.9 MPH)
Seth Donna to second
Batting: RHB Macaulay Sotillo 0-0: Ball
1-0: Ball
2-0: Called Strike
2-1: DOUBLE (Groundball, 5L, EV 103.8 MPH)
Seth Donna scores
Batting: RHB Jaxon Duskin 0-0: Ball
1-0: Fly out, F8 (Flyball, 8LS, EV 75.6 MPH)
Bottom of the 1st over - 2 runs, 3 hits, 0 errors, 1 left on base; Sacramento 3 - Washington 2
TOP OF THE 2ND
Sacramento Amish batting - Pitching for Washington Oaks : RHP Quenton Wagner
Batting: RHB Gavin Russell 0-0: Swinging Strike
0-1: Called Strike
0-2: Ball
1-2: Foul Ball, location: 2F
1-2: Ball
2-2: Foul Ball, location: 2F
2-2: Ball
3-2: Strikes out swinging
Batting: RHB Nelson Dimas 0-0: Ball
1-0: Ball
2-0: Called Strike
2-1: Ground out 6-3 (Groundball, 6, EV 105.6 MPH)
Batting: RHB Zack Simmons 0-0: Ball
1-0: Called Strike
1-1: Ball
2-1: Fly out, F8 (Flyball, 8RM, EV 78.1 MPH)
Top of the 2nd over - 0 runs, 0 hits, 0 errors, 0 left on base; Sacramento 3 - Washington 2
BOTTOM OF THE 2ND
Washington Oaks batting - Pitching for Sacramento Amish : RHP Chase Lowe
Batting: LHB Drake Busler 0-0: Ball
1-0: Ball
2-0: Ball
3-0: Called Strike
3-1: Called Strike
3-2: Fly out, F7 (Flyball, 7D, EV 99.4 MPH)
Batting: RHB Lindon bin Ma'n 0-0: Called Strike
0-1: Ground out 5-3 (Groundball, 56, EV 78.8 MPH)
Batting: RHB Issac Franks 0-0: Ball
1-0: Fly out, F8 (Flyball, 8LM, EV 77.5 MPH)
Bottom of the 2nd over - 0 runs, 0 hits, 0 errors, 0 left on base; Sacramento 3 - Washington 2
TOP OF THE 3RD
Sacramento Amish batting - Pitching for Washington Oaks : RHP Quenton Wagner
Batting: RHB Stefan Flynn 0-0: Foul Ball, location: 2F
0-1: Ground out 6-3 (Groundball, 6, EV 103.8 MPH)
Batting: RHB Blake Allen 0-0: Called Strike
0-1: Swinging Strike
0-2: Ball
1-2: Strikes out looking
Batting: RHB Jake Christensen 0-0: Called Strike
0-1: Ball
1-1: Fly out, F8 (Flyball, 8RS, EV 83.8 MPH)
Top of the 3rd over - 0 runs, 0 hits, 0 errors, 0 left on base; Sacramento 3 - Washington 2
BOTTOM OF THE 3RD
Washington Oaks batting - Pitching for Sacramento Amish : RHP Chase Lowe
Batting: SHB Frank Kimery 0-0: Ground out 6-3 (Groundball, 6M, EV 107.5 MPH)
Batting: RHB Kamryn Mazzocchi 0-0: Ball
1-0: Foul Ball, location: 2F
1-1: Called Strike
1-2: Strikes out swinging
Batting: LHB Seth Donna 0-0: Foul Ball, location: 2F
0-1: Foul Ball, location: 2F
0-2: Strikes out swinging
Bottom of the 3rd over - 0 runs, 0 hits, 0 errors, 0 left on base; Sacramento 3 - Washington 2
TOP OF THE 4TH
Sacramento Amish batting - Pitching for Washington Oaks : RHP Quenton Wagner
Batting: RHB Martin Riley 0-0: Called Strike
0-1: Fly out, F8 (Flyball, 8RD, EV 105.0 MPH)
Batting: RHB Trinity Gonzalez 0-0: Ball
1-0: Swinging Strike
1-1: Called Strike
1-2: Ball
2-2: Strikes out swinging
Batting: RHB Langdon Bushey 0-0: Fly out, F7 (Flyball, 7S, EV 88.8 MPH)
Top of the 4th over - 0 runs, 0 hits, 0 errors, 0 left on base; Sacramento 3 - Washington 2
BOTTOM OF THE 4TH
Washington Oaks batting - Pitching for Sacramento Amish : RHP Chase Lowe
Batting: RHB Casey Blair 0-0: Ground out 5-3 (Groundball, 5S, EV 91.9 MPH)
Batting: RHB Macaulay Sotillo 0-0: Ball
1-0: Ball
2-0: Ball
3-0: Called Strike
3-1: Fly out, F9 (Line Drive, 9S, EV 93.1 MPH)
Batting: RHB Jaxon Duskin 0-0: Ball
1-0: Fly out, F8 (Flyball, 8LD, EV 103.8 MPH)
Bottom of the 4th over - 0 runs, 0 hits, 0 errors, 0 left on base; Sacramento 3 - Washington 2
TOP OF THE 5TH
Sacramento Amish batting - Pitching for Washington Oaks : RHP Quenton Wagner
Batting: RHB Gavin Russell 0-0: Ball
1-0: Swinging Strike
1-1: Ball
2-1: Ground out 5-3 (Groundball, 5, EV 82.5 MPH)
Batting: RHB Nelson Dimas 0-0: Ground out 6-3 (Groundball, 6, EV 86.9 MPH)
Batting: RHB Zack Simmons 0-0: TRIPLE (Flyball, 78XD, EV 106.2 MPH)
Batting: RHB Stefan Flynn 0-0: Ground out 6-3 (Groundball, 6, EV 85.6 MPH)
Top of the 5th over - 0 runs, 1 hit, 0 errors, 1 left on base; Sacramento 3 - Washington 2
BOTTOM OF THE 5TH
Washington Oaks batting - Pitching for Sacramento Amish : RHP Chase Lowe
Batting: LHB Drake Busler 0-0: Called Strike
0-1: Ball
1-1: Ground out 5-3 (Groundball, 56, EV 89.4 MPH)
Batting: RHB Lindon bin Ma'n 0-0: Ball
1-0: Ground out 5-3 (Groundball, 56, EV 79.4 MPH)
Batting: RHB Issac Franks 0-0: Called Strike
0-1: Foul Ball, location: 2F
0-2: Fly out, F9 (Flyball, 89S, EV 86.2 MPH)
Bottom of the 5th over - 0 runs, 0 hits, 0 errors, 0 left on base; Sacramento 3 - Washington 2
TOP OF THE 6TH
Sacramento Amish batting - Pitching for Washington Oaks : RHP Quenton Wagner
Batting: RHB Blake Allen 0-0: Ball
1-0: Ball
2-0: Fly out, F9 (Flyball, 9S, EV 71.9 MPH)
Batting: RHB Jake Christensen 0-0: Swinging Strike
0-1: Called Strike
0-2: Foul Ball, location: 2F
0-2: Strikes out looking
Batting: RHB Martin Riley 0-0: Ground out 5-3 (Groundball, 56, EV 100.6 MPH)
Top of the 6th over - 0 runs, 0 hits, 0 errors, 0 left on base; Sacramento 3 - Washington 2
BOTTOM OF THE 6TH
Washington Oaks batting - Pitching for Sacramento Amish : RHP Chase Lowe
Batting: SHB Frank Kimery 0-0: Called Strike
0-1: Ball
1-1: Swinging Strike
1-2: Ball
2-2: Ball
3-2: Strikes out looking
Batting: RHB Kamryn Mazzocchi 0-0: Called Strike
0-1: Fly out, F8 (Flyball, 8RS, EV 85.6 MPH)
Batting: LHB Seth Donna 0-0: Ground out 4-3 (Groundball, 4, EV 85.6 MPH)
Bottom of the 6th over - 0 runs, 0 hits, 0 errors, 0 left on base; Sacramento 3 - Washington 2
TOP OF THE 7TH
Sacramento Amish batting - Pitching for Washington Oaks : RHP Quenton Wagner
Batting: RHB Trinity Gonzalez 0-0: Ball
1-0: Foul Ball, location: 2F
1-1: SINGLE (Line Drive, 89S, EV 98.8 MPH)
Batting: RHB Langdon Bushey 0-0: Sac Bunt to 2L - play at first, batter OUT! 2-4
Trinity Gonzalez to second
Batting: RHB Gavin Russell 0-0: DOUBLE (Line Drive, 7LM, EV 100.0 MPH)
Trinity Gonzalez scores
Batting: RHB Nelson Dimas 0-0: Ball
1-0: SINGLE (Line Drive, 34, EV 95.0 MPH)
Gavin Russell to third
Batting: RHB Zack Simmons 0-0: Ball
1-0: Called Strike
1-1: Called Strike
Nelson Dimas steals 2nd base
1-2: Ground out 4-3 (Groundball, 4, EV 104.4 MPH)
Batting: RHB Stefan Flynn 0-0: Ball
1-0: Swinging Strike
1-1: Swinging Strike
1-2: Ball
2-2: Strikes out swinging
Top of the 7th over - 1 run, 3 hits, 0 errors, 2 left on base; Sacramento 4 - Washington 2
BOTTOM OF THE 7TH
Washington Oaks batting - Pitching for Sacramento Amish : RHP Chase Lowe
Batting: RHB Casey Blair 0-0: Called Strike
0-1: Ball
1-1: Foul Ball, location: 2F
1-2: Ground out 6-3 (Groundball, 6, EV 88.8 MPH)
Batting: RHB Macaulay Sotillo 0-0: Foul Ball, location: 2F
0-1: Ball
1-1: Called Strike
1-2: Strikes out swinging
Batting: RHB Jaxon Duskin 0-0: Ball
1-0: Ball
2-0: Called Strike
2-1: Foul Ball, location: 2F
2-2: Fly out, F7 (Line Drive, 7LM, EV 97.5 MPH)
Bottom of the 7th over - 0 runs, 0 hits, 0 errors, 0 left on base; Sacramento 4 - Washington 2
TOP OF THE 8TH
Sacramento Amish batting - Pitching for Washington Oaks : RHP Quenton Wagner
Batting: RHB Blake Allen 0-0: Ball
1-0: Foul Ball, location: 2F
1-1: SINGLE (Line Drive, 6D, EV 95.6 MPH)
Batting: RHB Jake Christensen 0-0: Called Strike
0-1: Ball
1-1: Foul Ball, location: 2F
1-2: Ball
2-2: SINGLE (Groundball, 56, EV 101.9 MPH) (infield hit)
Blake Allen to second
Batting: RHB Martin Riley 0-0: Called Strike
0-1: Ball
1-1: Swinging Strike
1-2: Ball
2-2: Foul Ball, location: 2F
2-2: Foul Ball, location: 2F
2-2: Foul Ball, location: 2F
2-2: Strikes out swinging
Batting: RHB Trinity Gonzalez 0-0: Swinging Strike
0-1: Swinging Strike
0-2: Ball
1-2: Fly out, F9 (Flyball, 89M, EV 77.5 MPH)
Batting: RHB Langdon Bushey 0-0: Foul Ball, location: 2F
0-1: Foul Ball, location: 2F
0-2: Fly out, F7 (Flyball, 7S, EV 83.1 MPH)
Top of the 8th over - 0 runs, 2 hits, 0 errors, 2 left on base; Sacramento 4 - Washington 2
BOTTOM OF THE 8TH
Washington Oaks batting - Pitching for Sacramento Amish : RHP Chase Lowe
Batting: LHB Drake Busler 0-0: Swinging Strike
0-1: Ball
1-1: SINGLE (Groundball, 3D, EV 98.8 MPH)
Batting: RHB Lindon bin Ma'n 0-0: Called Strike
0-1: Fly out, F2 (Popup, 23F, EV 86.9 MPH)
Pinch Hitting: RHB Danny Meyer 0-0: Called Strike
0-1: Ball
1-1: Ball
2-1: DOUBLE (Line Drive, 9LM, EV 101.2 MPH)
Drake Busler to third
Batting: SHB Frank Kimery 0-0: Ball
1-0: Called Strike
1-1: Ground out 5-3 (Groundball, 56, EV 88.8 MPH)
Drake Busler scores
Batting: RHB Kamryn Mazzocchi 0-0: Ball
1-0: Ball
2-0: Called Strike
2-1: Ball
3-1: Base on Balls
Batting: LHB Seth Donna 0-0: Called Strike
0-1: SINGLE (Line Drive, 89S, EV 93.8 MPH)
Danny Meyer to third
Kamryn Mazzocchi to second
Runner from 3rd tries for Home, SAFE, throw by RF to home
Batting: RHB Casey Blair 0-0: Ball
1-0: Fielders Choice at 2nd, 5-4 (Groundball, 5D, EV 85.6 MPH)
Bottom of the 8th over - 2 runs, 3 hits, 0 errors, 2 left on base; Sacramento 4 - Washington 4
TOP OF THE 9TH
Sacramento Amish batting - Pitching for Washington Oaks : RHP Quenton Wagner
Pitching: RHP Jayden Andre
Now at 2B: Frank Kimery
Now at 3B: Danny Meyer
Pinch Hitting: SHB Jackie Smitherman 0-0: Called Strike
0-1: Ball
1-1: Called Strike
1-2: Fly out, F9 (Flyball, 9D, EV 95.6 MPH)
Pinch Hitting: LHB Joey Manning 0-0: Ball
1-0: Ball
2-0: Called Strike
2-1: Foul Ball, location: 2F
2-2: Strikes out swinging
Batting: RHB Zack Simmons 0-0: Called Strike
0-1: Ball
1-1: Ball
2-1: Ball
3-1: Foul Ball, location: 2F
3-2: Strikes out swinging
Top of the 9th over - 0 runs, 0 hits, 0 errors, 0 left on base; Sacramento 4 - Washington 4
BOTTOM OF THE 9TH
Washington Oaks batting - Pitching for Sacramento Amish : RHP Chase Lowe
Now at 2B: Cole Boudreaux
Now in RF: Mason Graham
Batting: RHB Macaulay Sotillo 0-0: Swinging Strike
0-1: Foul Ball, location: 2F
0-2: Foul Ball, location: 2F
0-2: Foul Ball, location: 2F
0-2: Ball
1-2: Ball
2-2: Strikes out swinging
Pitching: RHP Brody Walpole
Batting: LHB Damien Longstreth 0-0: Ball
1-0: Ball
2-0: Ball
3-0: Called Strike
3-1: Foul Ball, location: 2F
3-2: Fly out, F8 (Line Drive, 8RM, EV 93.8 MPH)
Batting: LHB Drake Busler 0-0: Called Strike
0-1: Foul Ball, location: 2F
0-2: Strikes out swinging
Bottom of the 9th over - 0 runs, 0 hits, 0 errors, 0 left on base; Sacramento 4 - Washington 4
TOP OF THE 10TH
Sacramento Amish batting - Pitching for Washington Oaks : RHP Jayden Andre
Batting: RHB Stefan Flynn 0-0: Ball
1-0: Ball
2-0: Ball
3-0: Base on Balls
Batting: RHB Blake Allen 0-0: Ground out 6-3 (Groundball, 6M, EV 90.6 MPH)
Stefan Flynn to second
Batting: RHB Jake Christensen 0-0: Foul Ball, location: 2F
0-1: Ball
Stefan Flynn steals 3rd base
1-1: Ball
2-1: Foul Ball, location: 2F
2-2: Ball
3-2: Base on Balls
Batting: RHB Martin Riley 0-0: Ground out 5-3 (Groundball, 5, EV 78.8 MPH)
Jake Christensen to second
Batting: RHB Trinity Gonzalez 0-0: Ball
1-0: Swinging Strike
1-1: Called Strike
1-2: Ball
2-2: Ball
3-2: Strikes out swinging
Top of the 10th over - 0 runs, 0 hits, 0 errors, 2 left on base; Sacramento 4 - Washington 4
BOTTOM OF THE 10TH
Washington Oaks batting - Pitching for Sacramento Amish : RHP Brody Walpole
Pitching: RHP Tucker Scoggins
Batting: RHB Lindon bin Ma'n 0-0: Called Strike
0-1: Ball
1-1: Fly out, F4 (Line Drive, 4M, EV 70.0 MPH)
Batting: RHB Danny Meyer 0-0: Ball
1-0: Ground out 6-3 (Groundball, 4MD, EV 106.9 MPH)
Batting: SHB Frank Kimery 0-0: Called Strike
0-1: Ball
1-1: Foul Ball, location: 2F
1-2: SINGLE (Groundball, 34D, EV 105.0 MPH)
Batting: RHB Kamryn Mazzocchi 0-0: Called Strike
0-1: Ball
Frank Kimery steals 2nd base
1-1: Swinging Strike
1-2: Ball
2-2: Foul Ball, location: 2F
2-2: Strikes out swinging
Bottom of the 10th over - 0 runs, 1 hit, 0 errors, 1 left on base; Sacramento 4 - Washington 4
TOP OF THE 11TH
Sacramento Amish batting - Pitching for Washington Oaks : RHP Jayden Andre
Batting: RHB Langdon Bushey 0-0: Called Strike
0-1: Ball
1-1: Ball
2-1: Ground out 6-3 (Groundball, 6MD, EV 86.9 MPH)
Batting: RHB Mason Graham 0-0: Ball
1-0: Ground out 6-3 (Groundball, 6, EV 89.4 MPH)
Batting: RHB Cole Boudreaux 0-0: Ball
1-0: Ball
2-0: SINGLE (Groundball, 6MD, EV 106.2 MPH)
Batting: RHB Zack Simmons 0-0: Ball
1-0: Swinging Strike
1-1: Foul Ball, location: 2F
1-2: Strikes out swinging
Top of the 11th over - 0 runs, 1 hit, 0 errors, 1 left on base; Sacramento 4 - Washington 4
BOTTOM OF THE 11TH
Washington Oaks batting - Pitching for Sacramento Amish : RHP Tucker Scoggins
Batting: LHB Seth Donna 0-0: Swinging Strike
0-1: Ball
1-1: Foul Ball, location: 2F
1-2: Ball
2-2: Foul Ball, location: 2F
2-2: Strikes out swinging
Batting: RHB Casey Blair 0-0: Swinging Strike
0-1: Called Strike
0-2: Strikes out looking
Batting: RHB Macaulay Sotillo 0-0: Ball
1-0: Ball
2-0: Ball
3-0: Base on Balls
Batting: LHB Damien Longstreth 0-0: Ball
1-0: Ball
2-0: Fly out, F9 (Flyball, 89M, EV 82.5 MPH)
Bottom of the 11th over - 0 runs, 0 hits, 0 errors, 1 left on base; Sacramento 4 - Washington 4
TOP OF THE 12TH
Sacramento Amish batting - Pitching for Washington Oaks : RHP Jayden Andre
Pitching: RHP Dylan Watson
Batting: RHB Stefan Flynn 0-0: Foul Ball, location: 2F
0-1: Ball
1-1: SINGLE (Line Drive, 9LS, EV 95.0 MPH)
Batting: RHB Blake Allen 0-0: Ball
1-0: SINGLE (Groundball, 6MD, EV 101.2 MPH)
Stefan Flynn to second
Batting: RHB Jake Christensen 0-0: Swinging Strike
0-1: Fly out, F9 (Flyball, 89D, EV 97.5 MPH)
Runner from 2nd tags up, SAFE at 3rd, no throw by RF
Batting: RHB Martin Riley 0-0: Called Strike
Blake Allen steals 2nd base (no throw)
0-1: Ball
1-1: Foul Ball, location: 2F
1-2: Strikes out swinging
Batting: RHB Trinity Gonzalez 0-0: Ball
1-0: Foul Ball, location: 2F
1-1: Fly out, F9 (Flyball, 89S, EV 77.5 MPH)
Top of the 12th over - 0 runs, 2 hits, 0 errors, 2 left on base; Sacramento 4 - Washington 4
BOTTOM OF THE 12TH
Washington Oaks batting - Pitching for Sacramento Amish : RHP Tucker Scoggins
Batting: LHB Drake Busler 0-0: Hit by Pitch
Batting: RHB Lindon bin Ma'n 0-0: Ball
1-0: Bunted foul
1-1: Sac Bunt - play at second, runner OUT -> throw to first, DP!
Batting: RHB Danny Meyer 0-0: Called Strike
0-1: Ball
1-1: Ball
2-1: Ball
3-1: Base on Balls
Batting: SHB Frank Kimery 0-0: DOUBLE (Groundball, 3L, EV 103.8 MPH)
Danny Meyer to third
Runner from 3rd tries for Home, SAFE, no throw by RF
Bottom of the 12th over - 1 run, 1 hit, 0 errors, 1 left on base; Sacramento 4 - Washington 5
Saturday, April 27th , 2024 - OOTP Baseball 23.10 Build 110